 Dungeon Sprint DCSS version 0.31-a0-18-gea43df2a32 (webtiles) character file.

Game seed: 11461059194402682108

3344 sircluck the Brawler (level 9, -15/101 HPs)
             Began as a Troll Berserker on May 10, 2023.
             Was a High Priest of Trog.
             Killed from afar by a death drake (22 damage)
             ... with a foul vapour
             ... in the Dungeon (Sprint II: "The Violet Keep of Menkaure").
             The game lasted 00:04:46 (737 turns).

sircluck the Brawler (Troll Berserker)               Turns: 737, Time: 00:04:47

Health: -15/101    AC:  4    Str: 37    XL:     9   Next: 72%
Magic:  8/8        EV: 12    Int:  3    God:    Trog [*****.]
Gold:   556        SH:  0    Dex:  9    Spells: 8/8 levels left

rFire   . .          .
                       - Unarmed
rCold   . . .        (no shield)
rNeg    . . .        a - +0 animal skin
rPois   .            (helmet restricted)
rElec   .            (no cloak)
rCorr   .            (gloves unavailable)
SInv    .            (boots unavailable)
Will    .....        (no amulet)
Stlth   +            h - +6 ring of strength
HPRegen 1.16/turn    i - ring of flight
MPRegen 0.11/turn

%: no teleportation
@: lethally poisoned (-15 -> -25), on berserk cooldown, flying, slowed, very
slow
A: large, unfitting armour, claws 3, regeneration 1, shaggy fur 1, tough skin 1
a: Renounce Religion, Berserk, Trog's Hand, Brothers in Arms


You were in the Dungeon.
You worshipped Trog.
Trog was extremely pleased with you.
You visited 1 branch You collected 1215 gold pieces.
You spent 659 gold pieces at shops.

Inventory:

Missiles
 j - a stone (quivered)
Armour
 a - a +0 animal skin (worn)
Jewellery
 h - a +6 ring of strength (left claw)
 i - a ring of flight (right claw)
Potions
 d - a potion of haste
 e - 2 potions of magic
 f - a potion of berserk rage


   Skills:
 + Level 9.9 Fighting
 + Level 11.0 Dodging
 + Level 0.6 Stealth
 + Level 15.3 Unarmed Combat


You had 8 spell levels left.
You didn't know any spells.
Your spell library was empty.

Dungeon Overview and Level Annotations

Branches:
Dungeon (1/1)

Altars:
Dithmenos
Elyvilon
Fedhas
Gozag
Kikubaaqudgha
Makhleb
Nemelex Xobeh
Okawaru
Qazlal
Ru
Sif Muna
Trog
Uskayaw
Vehumet
Wu Jian
Xom
Yredelemnul
Zin
The Shining One
Jiyva
Lugonu

Shops:
D =:[?!=*:!==[:[(

Annotations:
D exclusion: oklob plant


Innate Abilities, Weirdness & Mutations

You are too large for most types of armour.
You have claws for hands.
Your natural rate of healing is unusually fast.
You are covered in fur. (AC +1)
You have tough skin. (AC +1)


Message History

* * * LOW HITPOINT WARNING * * *
You feel better.
The death drake bites you but does no damage.
The swamp drake bites you!
* * * LOW HITPOINT WARNING * * *
The death drake bites you but does no damage.
The swamp drake barely misses you. The swamp drake breathes poison at you.
The noxious blast engulfs you but does no damage.
You are poisoned.
The swamp drake attacks as you move away!
The swamp drake closely misses you.
The death drake attacks as you move away!
The death drake bites you but does no damage.
You are engulfed in noxious fumes.
You choke on the stench!
You are confused.
You feel sick.
The swamp drake fails to trigger a net trap.
The death drake bites you!
* * * LOW HITPOINT WARNING * * *
You bump into the stone wall.
You feel less confused.
You feel sick.
You are no longer poisoned.
The death drake bites you but does no damage.
The swamp drake closely misses you. The death drake bites you!
* * * LOW HITPOINT WARNING * * *
The swamp drake bites you.
* * * LOW HITPOINT WARNING * * *
Blink to where?
Press: ? - help, Q - select action, (/) - cycle Dir - move target Really blink into a travel-excluded area?
As you read the scroll of blinking, it crumbles to dust.
The swamp drake breathes poison at you.
The crystal guardian fails to trigger a net trap.
The swamp drake fails to trigger a net trap.
The death drake breathes miasma at you. The foul vapour engulfs you!!
You are lethally poisoned!
You die...

##~~~.........#..'†)..# .#
.#~~~~.##'##..#..####.# .#
.#~~~~###..##.####$h+.##.#
.#~~~~#.##..#....# #...####
.#~~####.#†####..#####..##.#
.#~##.###'###.##..#..'^.#..#
.#~#.#.##.##...#..#.†#.9#O†#
.'~'###†÷<.')#.'..####..##.# )
.#~#.#.##.##...#@☼..###k.÷##▓▓▓▓
##~##.###'###.##..☼☼kk~~~~~~~~~~~
##~~####.#.####~~....9~#+########
##~~~#..#..#~~~~~~§§§~#..._._._#
#)#~##...##~~~~~~~§§~#_._._._.#
z##.#~~##'##~~~≈§§§~~~~#._._._._#
§§####~~~~~~~~§~≈§§≈§~§#_._._._.#
°z #+++#+++#~≈§§§≈§≈~#._._._..#
#SSSSS≈§##§§§###≈§#_._._...


You could see a death drake (catching breath), a crystal guardian and a swamp
drake (catching breath).

Vanquished Creatures
  A death drake (D)
  A merfolk siren (D)
  2 polar bears (D)
  2 wyverns (D)
  Menkaure (D)
  5 water moccasins (D)
  3 black bears (D)
  4 necrophages (D)
  A scorpion (D)
  3 worms (D)
23 creatures vanquished.

Vanquished Creatures (collateral kills)
  A yaktaur (D)
  A polar bear (D)
  A hornet (D)
3 creatures vanquished.

Grand Total: 26 creatures vanquished

Notes
Turn   | Place    | Note
-------+----------+-------------------------------------------
     0 | D        | sircluck the Troll Berserker began the quest for the Orb.
     0 | D        | Reached XP level 1. HP: 22/22 MP: 0/0
     1 | D        | Noticed a wyvern
     1 | D        | Noticed a wyvern
     5 | D        | Noticed a necrophage
     5 | D        | Noticed a necrophage
     5 | D        | Noticed a necrophage
     5 | D        | Noticed a necrophage
    11 | D        | Killed a necrophage
    12 | D        | Reached skill level 5 in Unarmed Combat
    12 | D        | Reached XP level 2. HP: 33/33 MP: 1/1
    12 | D        | Reached XP level 3. HP: 40/40 MP: 2/2
    19 | D        | Killed a necrophage
    20 | D        | Reached skill level 5 in Fighting
    20 | D        | Reached skill level 5 in Dodging
    20 | D        | Reached skill level 6 in Unarmed Combat
    20 | D        | Reached XP level 4. HP: 28/50 MP: 3/3
    26 | D        | Killed a necrophage
    26 | D        | Reached ** piety under Trog
    27 | D        | Reached skill level 7 in Unarmed Combat
    27 | D        | Reached XP level 5. HP: 37/59 MP: 4/4
    49 | D        | Noticed a merfolk siren
    52 | D        | Noticed Menkaure
    55 | D        | Noticed a water moccasin
    57 | D        | Killed a merfolk siren
    58 | D        | Reached skill level 10 in Unarmed Combat
    58 | D        | Reached XP level 6. HP: 23/71 MP: 5/5
    58 | D        | Reached XP level 7. HP: 25/78 MP: 6/6
    62 | D        | Killed Menkaure
    62 | D        | Reached *** piety under Trog
   227 | D        | Reached **** piety under Trog
   238 | D        | Killed a wyvern
   239 | D        | Reached skill level 11 in Unarmed Combat
   243 | D        | Killed a wyvern
   285 | D        | Found Xoabal's Antique Weapon Shop.
   285 | D        | Found Cuasausi's Jewellery Shop.
   285 | D        | Found Rownog's Jewellery Boutique.
   285 | D        | Found Viasybek's Armour Boutique.
   285 | D        | Found Wyumis's Distillery.
   285 | D        | Found Uxui's Antique Armour Shop.
   285 | D        | Found Offimog's Book Boutique.
   286 | D        | Found Sumuune's Jewellery Boutique.
   286 | D        | Found Rig Hem's Distillery.
   286 | D        | Noticed a great orb of eyes
   287 | D        | Found Qoddeamp's Book Shop.
   287 | D        | Found Asofeqom's Assorted Antiques.
   288 | D        | Found Fudur's Magic Scroll Boutique.
   288 | D        | Found Meimihamuc's Antique Armour Shop.
   288 | D        | Noticed an oklob plant
   289 | D        | Found Qysuehis's Book Shoppe.
   289 | D        | Found Teuclov's Jewellery Boutique.
   290 | D        | Noticed a yak
   290 | D        | Noticed a yak
   293 | D        | Reached ***** piety under Trog
   294 | D        | Reached XP level 8. HP: 76/89 MP: 7/7
   308 | D        | Noticed a flying skull
   308 | D        | Noticed a flying skull
   328 | D        | Noticed a flying skull
   379 | D        | Noticed a flying skull
   380 | D        | Bought a +6 ring of strength for 432 gold pieces
   386 | D        | Bought a ring of flight for 227 gold pieces
   412 | D        | Received a gift from Trog
   458 | D        | Found a glowing golden altar of the Shining One.
   458 | D        | Found an ornate altar of the Wu Jian Council.
   459 | D        | Found a shimmering altar of Xom.
   459 | D        | Found a sacrificial altar of Ru.
   460 | D        | Found a basalt altar of Yredelemnul.
   460 | D        | Found a shimmering blue altar of Sif Muna.
   461 | D        | Found a glowing silver altar of Zin.
   461 | D        | Found a bloodstained altar of Trog.
   461 | D        | Found an ancient bone altar of Kikubaaqudgha.
   461 | D        | Found a stormy altar of Qazlal.
   461 | D        | Found a viscous altar of Jiyva.
   462 | D        | Found a hide-covered altar of Uskayaw.
   462 | D        | Found a corrupted altar of Lugonu.
   462 | D        | Found a shadowy altar of Dithmenos.
   463 | D        | Found a radiant altar of Vehumet.
   463 | D        | Found a burning altar of Makhleb.
   463 | D        | Found a white marble altar of Elyvilon.
   464 | D        | Found a sparkling altar of Nemelex Xobeh.
   464 | D        | Found a blossoming altar of Fedhas.
   465 | D        | Found an iron altar of Okawaru.
   465 | D        | Found an opulent altar of Gozag.
   465 | D        | Noticed a polar bear
   465 | D        | Noticed a polar bear
   466 | D        | Noticed a hornet
   469 | D        | Killed a polar bear
   470 | D        | Reached skill level 12 in Unarmed Combat
   471 | D        | Noticed a yaktaur
   472 | D        | Killed a polar bear
   472 | D        | Killed a hornet
   473 | D        | Reached skill level 13 in Unarmed Combat
   473 | D        | Noticed a polar bear
   482 | D        | Killed a polar bear
   483 | D        | Reached XP level 9. HP: 98/98 MP: 8/8
   484 | D        | Killed a yaktaur
   485 | D        | Reached skill level 10 in Dodging
   507 | D        | Reached skill level 14 in Unarmed Combat
   527 | D        | Noticed a hell hog
   527 | D        | Noticed a hell hog
   564 | D        | Noticed a deep elf master archer
   609 | D        | Received a gift from Trog
   705 | D        | Noticed a death drake
   712 | D        | Noticed a death drake
   718 | D        | Noticed a crystal guardian
   720 | D        | Killed a death drake
   721 | D        | Reached skill level 15 in Unarmed Combat
   734 | D        | HP: 3/101 [death drake (9)]
   737 | D        | Killed from afar by a death drake

Illustrated notes

Levels and vault maps discovered:
D:        the_violet_keep_of_menkaure [sprint2_stairs_cluster_1,
          sprint2_shoproom, sprint2_temple, sprint2_basic_supplies,
          sprint2_obstacle_7, sprint2_obstacle_4, sprint2_obstacle_5,
          sprint2_obstacle_1, sprint2_obstacle_2, sprint2_timed_cluster_1,
          sprint2_smallroom_cluster_1, sprint2_smallroom_final_cluster_1,
          sprint2_transparent_cluster_1, sprint2_second_timed_cluster_1,
          sprint2_sniper_area_1, sprint2_heavy_combat_area_1,
          sprint2_mutation_trap_area_1, sprint2_forest_area_1,
          sprint2_light_combat_area_1, sprint2_behind_water_1,
          sprint2_near_end_vault_1]

Skill      XL: |  1  2  3  4  5  6  7  8  9 |
---------------+----------------------------+-----
Fighting       | 4 5 7 8 9 |  9.9
Dodging        | 4 5 7 8 9 11 | 11.0
Unarmed Combat | 5 6 7 10 11 13 15 | 15.3
Stealth        | |  0.6

Action                     |  1- 3 |  4- 6 |  7- 9 || total
---------------------------+-------+-------+-------++-------
  Melee: Unarmed           |    11 |    16 |    66 ||    93
         Punch             |       |       |     1 ||     1
 Invoke: Berserk           |       |     1 |     2 ||     3
         Brothers in Arms  |       |       |     1 ||     1
    Use: Potion            |       |       |     2 ||     2
         Scroll            |       |       |     1 ||     1
 Armour: Animal skin       |     3 |       |    27 ||    30
  Dodge: Dodged            |     6 |     5 |    61 ||    72

Table legend: (Time is in decaauts)
 A = Elapsed time spent in this place.
 B = Non-inter-level travel time spent in this place.
 C = Inter-level travel time spent in this place.
 D = Time resting spent in this place.
 E = Time spent auto-exploring this place.
 F = Levels seen in this place.
 G = Mean time per level.
                   A        B        C        D        E       F      G
               +--------+--------+--------+--------+--------+-----+--------+
         Total |    726 |    665 |     61 |    330 |    112 |   1 |  726.0 |
       Dungeon |    726 |    665 |     61 |    330 |    112 |   1 |  726.0 |
               +--------+--------+--------+--------+--------+-----+--------+

Top non-repeatable levels by time:
       D: 726 daAuts
